 Dungeon Crawl Stone Soup version 0.30.1-11-g7821555f0a (webtiles) character file.

Game seed: 5149301792996353869

915 Heoruswealwe the Thaumaturge (level 7, -6/36 HPs)
             Began as a Deep Elf Conjurer on Jan 4, 2024.
             Was a Priest of Vehumet.
             Shot with an arrow by a centaur (8 damage)
             ... on level 8 of the Dungeon.
             The game lasted 00:40:35 (4030 turns).

Heoruswealwe the Thaumaturge (Deep Elf Conjurer)    Turns: 4030, Time: 00:40:35

Health: -6/36      AC:  4    Str:  4    XL:     7   Next: 82%
Magic:  14/21      EV: 12    Int: 25    God:    Vehumet [***...]
Gold:   196        SH:  0    Dex: 13    Spells: 3/23 levels left

rFire   . . .        (no weapon)
rCold   . . .        (no shield)
rNeg    . . .        c - +0 robe
rPois   .            (no helmet)
rElec   .            h - +0 cloak
rCorr   .            f - +0 pair of gloves
SInv    .            (no boots)
Will    .....        (no amulet)
Stlth   ++           (no ring)
HPRegen 0.26/turn    (no ring)
MPRegen 0.17/turn

%: no passive effects
@: no status effects
A: no striking features
a: Renounce Religion


You were on level 8 of the Dungeon.
You worshipped Vehumet.
Vehumet was most pleased with you.
You visited 1 branch of the dungeon, and saw 8 of its levels.

You collected 196 gold pieces.

Inventory:

Armour
 a - a +0 robe
 b - a +0 robe
 c - a +0 robe (worn)
 f - a +0 pair of gloves (worn)
 h - a +0 cloak (worn)
 o - a +0 robe
 s - a +0 robe
 x - a +0 robe
 A - the +0 robe "Gixihithel" {Fly rN+ Regen+}
   (You found it on level 5 of the Dungeon)

   rN:        It protects you from negative energy.
   Fly:       It grants you flight.
   Regen:     It increases your rate of health regeneration.
 C - a +0 cloak
Magical Staves
 n - a staff of fire
Wands
 u - a wand of polymorph (7)
Scrolls
 d - a scroll of blinking {unknown}
 e - 2 scrolls of magic mapping
 g - 3 scrolls of noise
 i - 2 scrolls of enchant armour
 l - a scroll of fog
 q - a scroll of brand weapon
 r - a scroll of poison
 w - a scroll of teleportation
Potions
 j - 2 potions of curing {unknown}
 k - a potion of cancellation {unknown}
 m - 2 potions of berserk rage {unknown}
 p - a potion of degeneration {unknown}
 t - 3 potions of lignification {unknown}
 v - a potion of invisibility {unknown}
 z - a potion of might {unknown}
 E - a potion of haste {unknown}


   Skills:
 - Level 2.4 Dodging
 - Level 2.4 Stealth
 + Level 8.8 Spellcasting
 + Level 8.2 Conjurations


You had 3 spell levels left.
You knew the following spells:

 Your Spells              Type           Power      Damage    Failure   Level
a - Magic Dart            Conj           100%       1d8       1%          1
b - Foxfire               Conj/Fire      100%       2x1d9     1%          1
c - Searing Ray           Conj           100%       2d8       1%          2
d - Dazzling Flash        Conj/Hex       62%        N/A       1%          3
e - Fulminant Prism       Conj/Hex       15%        3d10      2%          4
f - Iskenderun's Mystic   Conj/Tloc      31%        2d8       2%          4
g - Arcjolt               Conj/Air       15%        1d25      8%          5

Your spell library contained the following spells:

 Spells                   Type           Power      Damage    Failure   Level
 Flame Wave               Conj/Fire      31%        2d9       2%          4
 Volatile Blastmotes      Fire/Tloc      22%        2d11      4%          3
 Vhi's Electric Charge    Tloc/Air       22%        N/A       17%         3
 Lee's Rapid Deconstruct  Erth           5%         3d6*      36%         5
 Conjure Ball Lightning   Conj/Air       15%        3x3d6     36%         6
 Starburst                Conj/Fire      15%        6d6       36%         6
 Summon Mana Viper        Hex/Summ       11%        N/A       83%         5
 Haunt                    Necr/Summ      5%         N/A       100%        7
 Maxwell's Capacitive Co  Air            5%         ∞         100%        8
 Dragon's Call            Summ           5%         N/A       100%        9


Dungeon Overview and Level Annotations

Branches:
Dungeon (8/15)
 Temple: D:4-7         Lair: D:8-11

Altars:
Elyvilon
Nemelex Xobeh
Qazlal
Vehumet


Message History

The wight is heavily damaged.
The wight is knocked back by the mystic blast.
The mystic blast hits the wight but does no damage.
The mystic blast hits the wyvern.
The wyvern is lightly wounded.
The wyvern is knocked back by the mystic blast.
The mystic blast hits the centaur but does no damage.
The mystic blast hits the killer bee.
The killer bee is lightly wounded.
The killer bee is knocked back by the mystic blast.
The killer bee slams into the stone wall!
The killer bee is moderately wounded.
The centaur hits you.
* * * LOW HITPOINT WARNING * * *
The centaur misses you. The centaur hits you.
* * * LOW HITPOINT WARNING * * *
The centaur kicks you but does no damage.
The wight barely misses you.
Casting: Iskenderun's Mystic Blast (dangerous; 2% risk of failure)
Confirm with . or Enter, or press ? or * to list all spells.
You erupt in a blast of force!
The mystic blast hits the wyvern!
The wyvern is heavily wounded.
The wyvern is knocked back by the mystic blast.
The mystic blast hits the wight.
The wight is lightly damaged.
The wight is knocked back by the mystic blast.
The wight slams into the stone wall!
The mystic blast hits the centaur!
The centaur is moderately wounded.
The centaur is knocked back by the mystic blast.
The centaur slams into the translucent stone wall!
The centaur is severely wounded.
The mystic blast hits the killer bee!
The killer bee is almost dead.
The killer bee is knocked back by the mystic blast.
The killer bee slams into the stone wall!
You kill the killer bee!
Vehumet accepts your kill.
You feel your power returning.
The centaur wields a +0 shortbow.
The centaur shoots an arrow.
The arrow hits you!
You die...

.#..# .... ###
#⌠# ###.###
#[...z# .#
/.###.....###..##
..#⌠?z.l.@.c#....
..###.....###.#..
#..†..# # ###:###
#⌠# ### ....
##.^.


You could see a wyvern, a centaur and 2 wights.

Vanquished Creatures
  2 ice beasts
  2 ogres
  2 phantoms (D:5)
  A killer bee (D:8)
  A howler monkey (D:4)
  A hound (D:5)
  Jessica (D:3)
  A sleepcap (D:5)
  2 iguanas (D:5)
  Natasha (thrice) (D:3)
  4 adders
  4 gnolls (D:5)
  4 worms
  5 dart slugs
  7 orcs
  6 ball pythons
  4 endoplasms (D:1)
  5 giant cockroaches
  A goblin (D:3)
  5 hobgoblins
  8 jackals
  5 quokkas
  5 bats
  9 frilled lizards
  7 kobolds
  7 rats
102 creatures vanquished.

Notes
Turn   | Place    | Note
-------+----------+-------------------------------------------
     0 | D:1      | Heoruswealwe the Deep Elf Conjurer began the quest for the
                  | Orb.
     0 | D:1      | Reached XP level 1. HP: 10/10 MP: 6/6
    94 | D:1      | Reached XP level 2. HP: 15/15 MP: 2/8
    97 | D:1      | Learned a level 2 spell: Searing Ray
   200 | D:1      | Found a faded altar of an unknown god.
   209 | D:1      | Prayed at the altar of an unknown god.
   209 | D:1      | Became a worshipper of Vehumet
   209 | D:1      | Reached * piety under Vehumet
   209 | D:1      | Offered knowledge of Sandblast by Vehumet.
   512 | D:1      | Reached skill level 5 in Conjurations
   512 | D:1      | Reached XP level 3. HP: 19/19 MP: 6/10
   752 | D:1      | Learned a level 3 spell: Dazzling Flash
   993 | D:2      | Found a white marble altar of Elyvilon.
  1050 | D:2      | Offered knowledge of Foxfire by Vehumet.
  1054 | D:2      | Learned a level 1 spell: Foxfire
  1063 | D:2      | Reached ** piety under Vehumet
  1658 | D:3      | Noticed Jessica
  1663 | D:3      | Killed Jessica
  1664 | D:3      | Reached XP level 4. HP: 24/24 MP: 9/12
  1669 | D:3      | Learned a level 4 spell: Fulminant Prism
  1725 | D:3      | Reached skill level 5 in Spellcasting
  1924 | D:3      | Noticed Natasha
  1929 | D:3      | Killed Natasha
  1983 | D:3      | Found a sparkling altar of Nemelex Xobeh.
  2131 | D:3      | Noticed Natasha
  2137 | D:3      | Killed Natasha
  2138 | D:3      | Reached XP level 5. HP: 18/28 MP: 9/15
  2554 | D:3      | Noticed Natasha
  2558 | D:3      | Killed Natasha
  2619 | D:3      | Learned a level 4 spell: Iskenderun's Mystic Blast
  2748 | D:4      | Offered knowledge of Ignite Poison by Vehumet.
  2933 | D:4      | Noticed an ogre
  2937 | D:4      | Killed an ogre
  2938 | D:4      | Reached XP level 6. HP: 32/32 MP: 11/17
  3098 | D:5      | Entered Level 5 of the Dungeon
  3205 | D:5      | Reached XP level 7. HP: 36/36 MP: 3/20
  3211 | D:5      | Learned a level 5 spell: Arcjolt
  3264 | D:5      | Reached *** piety under Vehumet
  3339 | D:5      | Identified the +0 robe "Gixihithel" {Fly rN+ Regen+}
  3431 | D:5      | Offered knowledge of Flame Wave by Vehumet.
  3770 | D:5      | Identified a scroll of acquirement
  3770 | D:5      | Acquired the Volume of Kinetic Formation
  3962 | D:7      | Found a stormy altar of Qazlal.
  4026 | D:8      | Noticed a wyvern
  4030 | D:8      | Shot with an arrow by a centaur

Illustrated notes

Levels and vault maps discovered:
D:1:      scummos_arrival_simple_fountains, layout_loops_ring,
          hellmonk_ecumenical_altar_defaced_shrine, columned_hall_lemuel,
          palyth_stone_intersect, st_stairs_7, fountainhead, minivault_24,
          minmay_lizard_king
D:2:      layout_basic, basic_altar
D:3:      layout_basic, nemelex_spade_bored_becter, serial_rivers,
          chequers_serial_rivers_marsh, chequers_serial_rivers_micro_d,
          chequers_serial_rivers_room_b, chequers_serial_rivers_micro_a,
          chequers_serial_rivers_micro_b, chequers_serial_rivers_room_b,
          uniq_jessica, uniq_natasha
D:4:      layout_cave_pools, kennysheep_windowed_goal
D:5:      layout_loops_ring, cheibrodos_sewer_entry_bend
D:6:      layout_basic, uniq_maggie
D:7:      layout_rooms, vehumet_statue, lemuel_crystal_altar,
          minmay_temple_entry_mini_moons, uniq_duvessa, uniq_menkaure
D:8:      layout_rooms, bloody_makhleb, nicolae_fountain_basement

Skill      XL: |  1  2  3  4  5  6  7 |
---------------+----------------------+-----
Spellcasting   | 4 5 6 7 8 |  8.8
Conjurations   | 5 6 7 8 |  8.2
Dodging        | |  2.4
Stealth        | |  2.4

Action                     |  1- 3 |  4- 6 |  7- 9 || total
---------------------------+-------+-------+-------++-------
  Melee: Unarmed           |    14 |       |       ||    14
   Cast: Magic Dart        |    67 |    54 |    26 ||   147
         Searing Ray       |     3 |     8 |     9 ||    20
         Iskenderun's Myst |       |       |     2 ||     2
    Use: Potion            |     1 |       |       ||     1
         Scroll            |       |       |    11 ||    11
 Armour: Robe              |     9 |     1 |    10 ||    20
  Dodge: Dodged            |    23 |     5 |    19 ||    47
